 Dungeon Crawl Stone Soup version 0.28.0-1-gb440e238dd (webtiles) character file.

Game seed: 7796922886393543618

1754 Morbidden the Slasher (level 8, -1/93 HPs)
             Began as a Demonspawn Fighter on Feb 21, 2022.
             Slain by a sky beast (6 damage)
             ... on level 6 of the Dungeon.
             The game lasted 00:07:15 (5936 turns).

Morbidden the Slasher (Demonspawn Fighter)          Turns: 5936, Time: 00:07:16

Health: -1/93      AC: 24    Str: 17    XL:     8   Next: 78%
Magic:  17/17      EV:  2    Int:  9    God:
Gold:   208        SH:  5    Dex: 15    Spells: 7/7 levels left

rFire   . . .      SeeInvis .   a - +3 long sword (protect)
rCold   . . .      Faith    .   c - +0 buckler
rNeg    . . .      Spirit   .   (armour currently unavailable)
rPois   +          Reflect  .   (helmet currently unavailable)
rElec   .          Harm     .   (cloak currently unavailable)
rCorr   .          Rampage  .   (gloves currently unavailable)
Will    .....      Clarity  +   (boots currently unavailable)
Stlth   ++........ NoTele   +   (no amulet)
HPRegen 0.25/turn               u - ring of magical power
MPRegen 0.15/turn               (no ring)

@: brilliant, tree-form
A: stationary, stasis, torment immunity, boosted hp, powered by death 1, agile
1, clarity, weak 1
a: no special abilities


You were on level 6 of the Dungeon.
You were a tree.
You visited 2 branches of the dungeon, and saw 7 of its levels.
You also visited: Sewer.

You collected 370 gold pieces.
You spent 162 gold pieces at shops.

Inventory:

Hand Weapons
 a - a +3 long sword of protection (weapon)
Missiles
 f - 4 poisoned darts
 m - 6 boomerangs (quivered)
Armour
 c - a +0 buckler (worn)
 d - +0 steam dragon scales (melded)
 p - a +0 pair of boots (melded)
Jewellery
 u - a ring of magical power (left branch)
Wands
 w - a wand of acid (1)
Scrolls
 g - a scroll of enchant weapon
 h - a scroll of torment
 i - a scroll of teleportation
 k - a scroll of vulnerability {unknown}
 n - a scroll of noise {unknown}
 o - 3 scrolls of identify
 q - 2 scrolls of magic mapping {unknown}
 r - a scroll of silence {unknown}
 s - a scroll of holy word {unknown}
 y - a scroll of blinking {unknown}
Potions
 l - a potion of mutation
 x - a potion of flight {unknown}


   Skills:
 * Level 5.3 Fighting
 * Level 7.1 Long Blades
 + Level 0.7 Throwing
 + Level 3.8 Armour
 * Level 3.9 Dodging
 + Level 2.0 Stealth
 + Level 4.1 Shields
 + Level 0.7 Evocations


You had 7 spell levels left.
You didn't know any spells.
Your spell library contained the following spells:

 Spells                   Type           Power      Damage    Failure   Level
 Pain                     Necr           0%         1d4       45%         1
 Agony                    Necr           0%         N/A       100%        5
 Excruciating Wounds      Necr           0%         N/A       100%        5
 Chain Lightning          Conj/Air       0%         N/A       100%        9
 Fire Storm               Conj/Fire      0%         5d1       100%        9
 Shatter                  Erth           0%         3d5*      100%        9


Dungeon Overview and Level Annotations

Branches:
Dungeon (6/15)             Temple (1/1) D:5           Sewer (visited)

Altars:
Ashenzari
Dithmenos
Elyvilon
Gozag
Makhleb
Okawaru
Qazlal
Ru
Sif Muna
Trog
Uskayaw
Vehumet
Wu Jian
Xom
Yredelemnul
Zin
The Shining One

Shops:
D:3 (


Innate Abilities, Weirdness & Mutations

You are a tree.
Your roots penetrate the ground, keeping you stationary.
You cannot be teleported.
You are immune to unholy pain and torment.
Your maximum health is greatly increased.
Your equipment is partially melded.
You regenerate a little health from kills.
You are agile. (Dex +2)
You possess an exceptional clarity of mind.
You are weak. (Str -2)


Message History

Unknown command.
Unknown command.
There's nothing to close nearby.
Aiming: Corrosive Bolt
Press: ? - help, Shift-Dir - straight line, f/p - ogre
Aim: an ogre, wielding a +0 giant club (almost dead, covered in acid, 86% to hit)
The bolt of acid hits the ogre!
The acid corrodes the ogre!
The ogre is almost dead.
The bolt of acid hits the ogre!
The ogre seems to be corroded for longer.
You kill the ogre!
You block the orc's attack. You block the ogre's attack.
Your Long Blades skill increases to level 7!
Unknown command.
Unknown command.
You slash the ogre!
Your weapon exudes an aura of protection.
You kill the ogre!
You block the orc's attack.
A sky beast appears from thin air!
Reactivating autopickup.
The orc closely misses you.
Unknown command.
Unknown command.
You closely miss the orc.
The orc is moderately wounded.
The sky beast barely misses you. The orc hits you with a +0 club.
* * * LOW HITPOINT WARNING * * *
Unknown command.
It was a potion of brilliance.
You feel clever all of a sudden.
The sky beast hits you but does no damage.
The orc hits you but does no damage.
Unknown command.
It was a potion of lignification.
You turn into a tree.
Your +0 pair of boots melds into your body.
Your +0 steam dragon scales melds into your body.
Your roots penetrate the ground.
The sky beast hits you.
* * * LOW HITPOINT WARNING * * *
The sky beast shocks you.
You die...

##....[...........
#.....#...?../...
#..####......[... ###
##....≈#.. #.....##
#####..≈..#
##..#......#
#########........#....#
#....o♣Y)))...#..##..>#
######.######.....##.##
..## #≈≈....#
########## # #≈≈o5..#
#≈≈o...# #≈o≈≈..#
#.J≈≈≈## #######


You could see a sky beast and an orc.

Vanquished Creatures
  A wyvern (D:6)
  A steam dragon (D:3)
  2 water moccasins
  An orc warrior (D:6)
  A black bear (D:2)
  A necrophage (D:5)
  A sky beast (D:5)
  4 ogres
  A bullfrog (D:6)
  A water moccasin skeleton (D:5)
  A hound (D:5)
  A centaur skeleton (D:6)
  3 iguanas
  An orc priest (D:5)
  Ijyb (D:3)
  3 orc wizards
  7 adders
  A river rat (D:6)
  A shadow imp (D:5)
  2 ufetubi
  An adder skeleton (D:4)
  2 worms
  A dart slug (D:3)
  15 orcs
  3 bats
  4 endoplasms
  7 giant cockroaches
  7 goblins
  5 hobgoblins
  7 jackals
  6 kobolds
  2 quokkas
  8 ball pythons
  4 frilled lizards
  6 rats
113 creatures vanquished.

Notes
Turn   | Place    | Note
-------+----------+-------------------------------------------
     0 | D:1      | Morbidden the Demonspawn Fighter began the quest for the
                  | Orb.
     0 | D:1      | Reached XP level 1. HP: 18/18 MP: 1/1
   704 | D:1      | Gained mutation: You regenerate a little health from kills.
                  | [demonic ancestry]
   704 | D:1      | Reached XP level 2. HP: 24/24 MP: 2/2
   792 | D:1      | Found a faded altar of an unknown god.
   881 | D:2      | Noticed a black bear
   891 | D:2      | Killed a black bear
   892 | D:2      | Reached skill level 2 in Long Blades
   892 | D:2      | Reached XP level 3. HP: 14/30 MP: 3/3
   892 | D:2      | Reached XP level 4. HP: 17/37 MP: 4/4
  1521 | D:3      | Noticed a steam dragon
  1528 | D:3      | Killed a steam dragon
  1529 | D:3      | Reached skill level 3 in Long Blades
  1529 | D:3      | Reached XP level 5. HP: 22/42 MP: 5/5
  1701 | D:3      | Noticed Ijyb
  1741 | D:3      | HP: 2/42 [Ijyb (7)]
  1780 | D:3      | Killed Ijyb
  1781 | D:3      | Reached XP level 6. HP: 8/48 MP: 6/6
  2314 | D:3      | Found Onulaf's Weapon Emporium.
  2325 | D:3      | Reached skill level 1 in Stealth
  2395 | D:3      | Bought a +2 long sword of protection for 162 gold pieces
  3097 | D:4      | Reached skill level 4 in Long Blades
  3097 | D:4      | Reached skill level 1 in Dodging
  3369 | D:4      | Reached XP level 7. HP: 29/54 MP: 7/7
  3978 | D:5      | Entered Level 5 of the Dungeon
  4044 | D:5      | Reached skill level 5 in Long Blades
  4867 | D:5      | Found a staircase to the Ecumenical Temple.
  4913 | Temple   | Entered the Ecumenical Temple
  5214 | D:6      | Noticed a wyvern
  5249 | D:6      | Reached skill level 6 in Long Blades
  5249 | D:6      | Reached XP level 8. HP: 61/61 MP: 8/8
  5339 | D:6      | Reached skill level 5 in Fighting
  5340 | D:6      | Found a glowing drain.
  5350 | Sewer    | Entered a sewer
  5602 | Sewer    | Gained mutation: You are weak. (Str -2) [potion of
                  | mutation]
  5602 | Sewer    | Gained mutation: You are agile. (Dex +2) [potion of
                  | mutation]
  5602 | Sewer    | Gained mutation: You possess an exceptional clarity of
                  | mind. [potion of mutation]
  5607 | Sewer    | HP: 3/62 [water moccasin (7)]
  5933 | D:6      | Reached skill level 7 in Long Blades
  5936 | D:6      | Slain by a sky beast

Illustrated notes

Levels and vault maps discovered:
D:1:      heliophobic_arrival_glass_houses, layout_basic,
          shapermc_ecumenical_altar_mp_vishouse
D:2:      layout_rooms
D:3:      layout_basic, zin_treasury, serial_shops, shop, uniq_ijyb
D:4:      layout_gridville
D:5:      layout_gridville, minmay_temple_entry_junction
D:6:      layout_cave_pools, portal_sewer_entry_b
Temple:   lightli_temple_of_artemis

Skill      XL: |  1  2  3  4  5  6  7  8 |
---------------+-------------------------+-----
Long Blades    | 2 3 4 6 7 |  7.1
Armour         | 3 |  3.8
Shields        | 3 4 |  4.1
Fighting       | 4 5 |  5.3
Stealth        | 1 2 |  2.0
Dodging        | 1 2 3 |  3.9
Throwing       | |  0.7
Evocations     | |  0.7

Action                   |  1- 3 |  4- 6 |  7- 9 || total
-------------------------+-------+-------+-------++-------
Melee: Long sword        |    42 |   147 |   193 ||   382
       Unarmed           |       |    23 |       ||    23
Throw: Dart              |       |     8 |     4 ||    12
       Boomerang         |       |       |     3 ||     3
Evoke: Wand              |       |       |    12 ||    12
  Use: Potion            |       |     3 |     7 ||    10
       Scroll            |       |       |     4 ||     4
 Stab: Sleeping          |       |     2 |       ||     2
Armor: Scale mail        |    21 |    24 |       ||    45
       Skin              |       |     1 |       ||     1
       Steam dragon scal |       |    20 |   113 ||   133
Dodge: Dodged            |    22 |    72 |   117 ||   211
Block: Buckler           |    17 |    43 |    51 ||   111
